 Dungeon Crawl Stone Soup version 0.21-a0-476-gd103f4b (webtiles) character file.

25 Gwenloh the Charmwright (level 2, -4/25 HPs)
             Began as a Draconian Skald on Nov 22, 2017.
             Shot with a stone by a goblin (5 damage)
             ... on level 2 of the Dungeon.
             The game lasted 00:05:12 (601 turns).

Gwenloh the Charmwright (Draconian Skald)            Turns: 601, Time: 00:05:13

Health: -4/25      AC:  4    Str: 13    XL:     2   Next: 82%
Magic:  5/5        EV: 12    Int: 13    God:
Gold:   27         SH:  0    Dex: 10    Spells: 4/5 levels left

rFire    . . .     SeeInvis .     - Unarmed
rCold    . . .     Gourm    .   (no shield)
rNeg     . . .     Faith    .   (armour unavailable)
rPois    .         Spirit   .   (helmet restricted)
rElec    .         Reflect  .   (no cloak)
rCorr    .         Harm     .   (no gloves)
MR       .....                  (no boots)
Stlth    +.........             (no amulet)
HPRegen  0.08/turn              (no ring)
MPRegen  0.09/turn              (no ring)

@: no status effects
A: unfitting armour, cold-blooded, AC +4
a: no special abilities


You were on level 2 of the Dungeon.
You were not hungry.

You visited 1 branch of the dungeon, and saw 2 of its levels.

You collected 27 gold pieces.

Inventory:

Missiles
 d - 24 sling bullets
Scrolls
 e - 2 scrolls of identify {unknown}
 f - a scroll of blinking {unknown}
 g - a scroll of enchant armour {unknown}
Books
 a - a book of Battle

   Spells                             Type                      Level
   a - Infusion                       Charms                       1
   b - Shroud of Golubria             Charms/Translocation         2
   c - Song of Slaying                Charms                       2
   d - Spectral Weapon                Hexes/Charms                 3
   e - Regeneration                   Charms/Necromancy            3
Comestibles
 b - 2 bread rations


   Skills:
 + Level 2.5 Fighting
 + Level 2.3 Dodging
 + Level 2.3 Unarmed Combat
 + Level 2.2 Spellcasting
 + Level 2.9 Charms


You had 4 spell levels left.
You knew the following spells:

 Your Spells              Type           Power        Failure   Level  Hunger
a - Infusion              Chrm           #...         8%          1    ##.....


Dungeon Overview and Level Annotations

Branches:
Dungeon (2/15)

Altars:


Innate Abilities, Weirdness & Mutations

Your plain brown scales are hard. (AC +4)
You cannot fit into any form of body armour.
You are cold-blooded and may be slowed by cold attacks.


Message History

The goblin hits you.
The goblin shoots a stone.
The stone misses you. The hobgoblin hits you.
* * * LOW HITPOINT WARNING * * *
The goblin hits you but does no damage.
The goblin shoots a stone.
The stone hits you but does no damage. The hobgoblin barely misses you.
The goblin hits you but does no damage.
The goblin shoots a stone.
The stone hits you but does no damage. The hobgoblin barely misses you.
The goblin hits you.
* * * LOW HITPOINT WARNING * * *
The goblin shoots a stone.
The stone misses you.
The hobgoblin hits you but does no damage.
The goblin hits you.
* * * LOW HITPOINT WARNING * * *
The goblin shoots a stone.
The stone hits you.
* * * LOW HITPOINT WARNING * * *
The hobgoblin hits you but does no damage.
The goblin barely misses you.
The goblin shoots a stone.
The stone hits you but does no damage. The hobgoblin barely misses you.
The goblin misses you.
The goblin shoots a stone.
The stone hits you.
You die...

... ...
.##.# ..
.#.##..
...#.
#...##
#.#..##
#<....###
##(g....#
#g@....#
#....g.#
########


You could see a hobgoblin and 2 goblins.

Vanquished Creatures
  A dart slug (D:1)
  2 bats (D:1)
  6 goblins (D:1)
  3 hobgoblins (D:1)
  2 kobolds (D:1)
  A ball python (D:1)
  3 frilled lizards (D:1)
  6 rats (D:1)
24 creatures vanquished.

Notes
Turn   | Place    | Note
-------+----------+-------------------------------------------
     0 | D:1      | Gwenloh the Draconian Skald began the quest for the Orb.
     0 | D:1      | Reached XP level 1. HP: 17/17 MP: 3/3
   111 | D:1      | Reached XP level 2. HP: 20/25 MP: 5/5
   599 | D:2      | HP: 1/25 [goblin/stone (2)]
   601 | D:2      | Shot with a stone by a goblin

Vault maps used:
D:1:      dpeg_arrival_refuge
D:2:      uniq_natasha

Action                   || total
-------------------------++-------
Melee: Unarmed           ||    85
       Tailslap          ||     7
 Cast: Infusion          ||     3
 Stab: Sleeping          ||     2
Armor: Skin              ||    40
Dodge: Dodged            ||    69

Table legend:
 A = Spawn XP
 B = Non-spawn XP
 C = Spawn XP percentage of total XP
 D = Spawn monster count
 E = Non-spawn monster count
 F = Spawn count percentage of total count
 G = Total turns spent on level
                    A         B        C        D         E        F      G
               +---------+---------+-------+---------+---------+-------+---------
         Total |       0 |      36 |   0.0 |       0 |      24 |   0.0 |   601
               +---------+---------+-------+---------+---------+-------+---------
           D:1 |       0 |      36 |   0.0 |       0 |      24 |   0.0 |   582
               +---------+---------+-------+---------+---------+-------+---------
